Unix NetHack Version 5.0.0-0 post-release - last build Jul 19 2026 19:10:59 (3aa4ab31751d3886436d94b585a96704892fd477,branch:main).

Game began 2026-07-16 21:56:52, ended 2026-07-20 04:08:24.

Jinnora, neutral female human Wizard

                              ----------------------
                             .......w...).............
                            ....A..----&----............
                            ......--...)..a--...'A.%.....
                            ..%..-- ...aa...--.....V...A..
                     U      .....|  .A.@..H. |........@A.D    -----
    a@  AA    A              -----  ...H.A.a -------.A.-      |...
              D                     .......       ---&----   --..---------
               @      &           -----%-----     ...)$$.-- --w..|...V[a.|
         @ A   A                ---@..%@A)..---  .[..w$...---.)A%|...faa.|
   EB B        @ @@           w |..@..........|   ..)......-.AA...a.@@a..|
   @                         D  |. ----?---- .|    .....U.---....|.aaa.a.|E
          @                     |  |..A....|  |     .....-- --...|....aa.|
                                   |.......|         -----   --@.---------
       A  @A                       |..._...|                  |...
                                   |..@....|                  -----
                                   |.......| A
                                   ---------

Jinnora the Wizard        St:18/54 Dx:22 Co:18 In:22 Wi:22 Ch:14  Neutral
Astral Plane $:0 HP:398(399) Pw:220(332) AC:-27 Xp:26/60086501 Satiated T:68236

Latest messages:
 The invisible high priestess of Thoth hits!
 The invisible high priestess of Thoth kicks!
 The invisible high priestess of Thoth points at you, then curses.
 The invisible high priestess of Thoth points at you, then curses.
 The invisible high priestess of Thoth swings her mace.
 The invisible high priestess of Thoth hits!
 The invisible high priestess of Thoth kicks!
 The invisible high priestess of Thoth points all around, then curses.
 The invisible high priestess of Thoth points all around, then curses.
 What do you want to use or apply? [d-fh-losyzMQRX-Z or ?*] s
 You have a little trouble removing q - 2 blessed potions of full healing.
 The invisible high priestess of Thoth swings her mace at the fire ant.
 The invisible high priestess of Thoth hits the fire ant.
 The fire ant is killed!
 What do you want to drink? [q or ?*] q
 You feel completely healed.
 The giant beetle bites!
 You hear some noises in the distance.
 "Burrrrp!"
 The renegade Angel of Thoth swings his long sword at the invisible Angel of Ptah.
 The renegade Angel of Thoth hits the invisible Angel of Ptah.
 The renegade Angel of Thoth swings his long sword at the invisible Angel of Ptah.
 The renegade Angel of Thoth hits the invisible Angel of Ptah.
 The renegade Angel of Thoth hits the invisible Angel of Ptah.
 The invisible Angel of Ptah swings his long sword at the renegade Angel of Thoth.
 The invisible Angel of Ptah misses the renegade Angel of Thoth.
 The invisible Angel of Ptah swings his long sword at the renegade Angel of Thoth.
 The invisible Angel of Ptah hits the renegade Angel of Thoth.
 The invisible Angel of Ptah misses the renegade Angel of Thoth.
 The invisible high priestess of Thoth swings her mace at the fire ant.
 The invisible high priestess of Thoth hits the fire ant.
 The fire ant is killed!
 What do you want to use or apply? [d-fh-losyzMQRX-Z or ?*] ?
 In what direction? 8
 You set the figurine beside you and it transforms.
 Your movements are now unencumbered.
 An umber hulk suddenly appears!
 What do you want to sacrifice? [p or ?*] ?
 What do you want to sacrifice? [p or ?*] p
 You offer the Amulet of Yendor to Thoth...
 An invisible choir sings, and you are bathed in radiance...
 The voice of Thoth thunders: "Mortal, thou hast done well!"
 "In return for thy service, I grant thee the gift of Immortality!"
 You ascend to the status of Demigoddess...
 Do you want your possessions identified? [ynq] (y) y
 Do you want to see your attributes? [ynq] (y) y
 Do you want an account of creatures vanquished? [ynaq] (y) y
 Do you want a list of species genocided and extinct? [ynaq] (y) y
 Do you want to see your conduct and achievements? [ynq] (y) y
 Do you want to see the dungeon overview? [ynq] (y) y

Inventory:
 Amulets  ('"')
  n - an uncursed amulet of life saving (being worn)
  E - an uncursed amulet of life saving
  K - the blessed Eye of the Aethiopica
 Weapons  (')')
  a - the blessed rustproof +7 Magicbane (weapon in right hand)
 Armor    ('[')
  c - a blessed greased tempered +4 helm of brilliance (being worn)
  H - a blessed +4 pair of gauntlets of dexterity (being worn)
  L - a blessed fireproof +4 pair of speed boots (being worn)
  b - a blessed fireproof +4 cloak of magic resistance (being worn)
  g - a blessed +4 Hawaiian shirt with a hula dancer motif (being worn)
  w - a blessed +4 silver dragon scale mail (being worn)
 Comestibles  ('%')
  I - 4 uncursed K-rations
  r - an uncursed female lizard corpse
  u - an uncursed male lizard corpse
 Scrolls  ('?')
  B - an uncursed scroll of gold detection
 Spellbooks  ('+')
  f - the uncursed Book of the Dead
 Potions  ('!')
  q - a blessed potion of full healing
 Rings    ('=')
  T - an uncursed ring of conflict (on left hand)
  W - an uncursed ring of free action (on right hand)
  P - an uncursed ring of levitation
 Wands    ('/')
  Y - an uncursed wand of death (0:7)
  X - an uncursed wand of death (0:4)
  k - an uncursed wand of death (0:0)
  R - an uncursed wand of digging (0:5)
  Z - an uncursed wand of teleportation (0:8)
  d - an uncursed wand of teleportation (0:7)
  h - an uncursed wand of teleportation (0:7)
  o - an uncursed wand of teleportation (0:6)
  e - an uncursed wand of wishing (1:0)
 Tools    ('(')
  s - a blessed bag of holding containing 70 items
  l - the uncursed Bell of Opening (0:2)
  Q - the uncursed Candelabrum of Invocation (7 of 7 candles, lit)
  y - a blessed magic lamp (lit)
  M - an uncursed stethoscope
  i - an uncursed towel
  z - a blessed +0 unicorn horn
 Gems/Stones  ('*')
  S - a blessed luckstone

Contents of the bag of holding:
  an uncursed amulet of life saving
  an uncursed amulet of life saving
  a blessed rustproof +4 pair of gauntlets of power
  15 uncursed K-rations
  6 blessed homemade tins of nurse meat
  8 blessed scrolls of blank paper
  10 uncursed scrolls of blank paper
  5 cursed scrolls of blank paper
  a blessed scroll of charging
  2 blessed scrolls of gold detection
  3 uncursed scrolls of gold detection
  12 blessed scrolls of remove curse
  2 uncursed scrolls of scare monster
  4 uncursed scrolls of taming
  6 cursed scrolls of teleportation
  an uncursed spellbook of dig
  a blessed spellbook of finger of death
  5 blessed potions of full healing
  4 blessed potions of gain energy
  3 blessed potions of gain level
  12 uncursed potions of gain level
  5 potions of holy water
  2 potions of unholy water
  an uncursed ring of conflict
  an uncursed ring of free action
  a cursed ring of invisibility named Nazgul 3
  an uncursed ring of levitation
  an uncursed ring of slow digestion
  an uncursed wand of death (0:0)
  an uncursed wand of digging (0:8)
  an uncursed wand of digging (0:8)
  an uncursed wand of digging (0:7)
  an uncursed wand of digging (0:7)
  an uncursed wand of digging (0:7)
  an uncursed wand of digging (0:0)
  an uncursed wand of enlightenment (0:10)
  an uncursed wand of fire (0:8)
  an uncursed wand of secret door detection (0:14)
  an uncursed wand of secret door detection (0:11)
  an uncursed wand of teleportation (0:7)
  an uncursed wand of teleportation (0:7)
  an uncursed drum of earthquake (0:7)
  an uncursed magic marker (0:44)
  an uncursed +0 pick-axe
  an uncursed skeleton key
  13 uncursed tallow candles
  3 uncursed partly used wax candles
  14 uncursed agate stones
  13 uncursed amber stones
  24 uncursed amethyst stones
  18 uncursed aquamarine stones
  3 uncursed black opals
  12 uncursed chrysoberyl stones
  19 uncursed citrine stones
  11 uncursed diamonds
  13 uncursed dilithium crystals
  10 uncursed emeralds
  12 uncursed fluorite stones
  11 uncursed garnet stones
  2 uncursed jacinth stones
  7 uncursed jade stones
  17 uncursed jasper stones
  16 uncursed jet stones
  7 uncursed obsidian stones
  8 uncursed opals
  15 uncursed rubies
  6 uncursed sapphires
  16 uncursed topaz stones
  9 uncursed turquoise stones
  3 blessed luckstones

Jinnora the Wizard's attributes:

Background:
 You were a Wizard, level 26 female human.
 You were neutral, on a mission for Thoth
 who was opposed by Ptah (lawful) and Anhur (chaotic).
 You were right-handed.
 You were in the endgame, on the Astral Plane.
 You entered the dungeon 68236 turns ago.
 It was nighttime.
 You had 60086501 experience points, 9913499 more were needed for level 27.

Basics:
 You had 398 out of 399 hit points.
 You had 220 out of 332 energy points (spell power).
 Your armor class was -27.
 Your wallet was empty.
 Autopickup was off.

Final Characteristics:
 Your strength was 18/54 (peak:18/55, limit:18/100).
 Your dexterity was 22 (base:18, innate limit:18).
 Your constitution was 18 (limit:18).
 Your intelligence was 22 (base:18, innate limit:18).
 Your wisdom was 22 (base:18, innate limit:18).
 Your charisma was 14 (limit:18).

Final Status:
 You were satiated.
 You were unencumbered.
 You were wielding a dagger.
 You had expert skill with dagger.

Final Attributes:
 You were piously aligned.
 You were magic-protected.
 You were fire resistant.
 You were cold resistant.
 You were sleep resistant.
 You were disintegration resistant.
 You were shock resistant.
 You were poison resistant.
 You were level-drain resistant.
 You saw invisible.
 You were telepathic.
 You were warned.
 You were sensing the presence of monsters.
 You were invisible to others.
 You caused conflict.
 You could teleport.
 You had teleport control.
 You were warded.
 You took half spell damage.
 You were very fast.
 You had reflection.
 You had free action.
 Your life would have been saved.
 You were extremely lucky.
 You had extra luck.
 Good luck did not time out for you.
 You survived.

Miscellaneous:
 You encountered 1 bones level.
 Total elapsed playing time was 1 day, 4 hours, 2 minutes and 41 seconds.

Major events:
 Turn
    1: Jinnora the neutral female human Wizard entered the dungeon
  525: entered the Gnomish Mines
  528: attained the rank of Conjurer (level 3)
 1876: entered Sokoban
 2101: attained the rank of Thaumaturge (level 6)
 3793: reached Mine Town
 4164: made her first wish - "blessed greased fixed +2 blue dragon scale mail", got "a greased blue dragon scale mail"
 5619: was bestowed with Magicbane by Thoth
 6143: completed 1st Sokoban level
 6514: completed 2nd Sokoban level
 6797: completed 3rd Sokoban level
 7204: completed 4th Sokoban level
 7249: attained the rank of Magician (level 10)
 7360: acquired the Sokoban amulet of reflection
 9450: acquired the Mines' End luckstone
14846: entered Home 1, the Quest
15443: attained the rank of Enchantress (level 14)
16039: Neferet the Green has granted access to proceed deeper into the quest
16104: entered Home 2, the Quest
16221: entered Home 3, the Quest
16696: entered Home 4, the Quest
16879: entered Home 5, the Quest
16944: entered Home 6, the Quest
17088: found the Eye of the Aethiopica on the floor
17129: killed the Dark One
17130: acquired the Bell of Opening
18662: killed Medusa
20143: entered Gehennom
22844: performed her first genocide (class L)
24358: was bestowed with Cleaver by Thoth
24535: was bestowed with Vorpal Blade by Thoth
28367: just blew up her bag of holding
34360: attained the rank of Sorceress (level 18)
47778: attained the rank of Necromancer (level 22)
51222: wished for "blessed spellbook of polymorph", got "a light blue spellbook"
52353: killed Croesus
53993: killed Juiblex
54906: killed Asmodeus
54909: killed Geryon
59921: killed Baalzebub
60528: destroyed Vlad the Impaler
60529: acquired the Candelabrum of Invocation
62141: killed Orcus
62569: attained the rank of Wizard (level 26)
64597: was bestowed with Fire Brand by Thoth
66039: killed the Wizard of Yendor
66041: acquired the Book of the Dead
66050: performed the invocation
66063: killed the Wizard of Yendor (2nd time)
66255: killed the high priestess of Moloch
66256: acquired The Amulet of Yendor
66257: wished for "blessed spellbook of finger of death", got "a velvet spellbook"
67556: killed the Wizard of Yendor (3rd time)
67777: killed the Wizard of Yendor (5th time)
67829: entered the Elemental Planes
67829: entered Plane of Earth
67959: entered Plane of Air
68052: entered Plane of Fire
68064: entered Plane of Water
68066: genocided class ;
68171: entered the Astral Plane
68191: killed Pestilence
68207: killed Pestilence (2nd time)
68220: killed Famine
68233: wished for "blessed figurine of a housecat named Peppermint Stick", got "a figurine of a housecat named Peppermint Stick"
68236: ascended

Spells:
 Name                 Level Category     Fail Retention
 force bolt             1   attack         0%   53%-54%
 detect food            2   divination     0%    (gone)
 protection             1   clerical       0%    (gone)
 fireball               4   attack         0%    (gone)
 remove curse           3   clerical       0%   11%-20%
 extra healing          3   healing        0%   51%-60%
 wizard lock            2   matter         0%   16%-20%
 detect monsters        1   divination     0%   81%-85%
 detect treasure        4   divination     0%   86%-90%
 detect unseen          3   divination     0%   86%-90%
 create monster         2   clerical       0%    1%-10%
 stone to flesh         3   healing        0%    (gone)
 drain life             2   attack         0%   35%-36%
 sleep                  3   enchantment    0%   81%-85%
 magic missile          2   attack         0%   53%-54%
 jumping                1   escape         0%   81%-90%
 levitation             4   escape         0%   81%-90%
 turn undead            6   clerical      50%   11%-20%
 polymorph              6   matter         0%   16%-20%
 restore ability        4   healing        0%   11%-20%
 charm monster          5   enchantment    0%   16%-20%
 light                  1   divination     0%   16%-20%
 haste self             3   escape         0%   21%-30%
 identify               3   divination     0%   31%-35%
 create familiar        6   clerical      50%   61%-70%
 finger of death        7   attack         0%   91%-92%
 dig                    5   matter         0%  96%-100%

Skills:
 Fighting Skills
   bare handed combat [Unskilled]
   riding             [Unskilled]
 Weapon Skills
   dagger             [Expert]
   knife              [Unskilled]
   axe                [Unskilled]
   short sword        [Unskilled]
   long sword         [Unskilled]
   club               [Unskilled]
   mace               [Unskilled]
   quarterstaff       [Basic]
   polearms           [Unskilled]
   spear              [Unskilled]
   trident            [Unskilled]
   sling              [Unskilled]
   dart               [Unskilled]
   shuriken           [Unskilled]
 Spellcasting Skills
   attack spells      [Expert]
   healing spells     [Basic]
   divination spells  [Skilled]
   enchantment spells [Skilled]
   clerical spells    [Basic]
   escape spells      [Basic]
   matter spells      [Skilled]

Voluntary challenges:
 Character rerolling was not enabled.
 You genocided 10 types of monsters.
 You never changed form.
 You used 4 wishes.
 You did not wish for any artifacts.
 You violated the special Sokoban rules once.
Achievements:
 You entered the Gnomish Mines.
 You attained the rank of Conjurer.
 You entered a shop.
 You entered Sokoban.
 You attained the rank of Thaumaturge.
 You entered Minetown.
 You entered a temple.
 You attained the rank of Magician.
 You completed Sokoban.
 You completed the Gnomish Mines.
 You attained the rank of Enchantress.
 You had the Bell of Opening.
 You defeated Medusa.
 You learned the tune to open and close the Castle's drawbridge.
 You entered Gehennom.
 You attained the rank of Sorceress.
 You attained the rank of Necromancer.
 You had the Candelabrum of Invocation.
 You attained the rank of Wizard.
 You had the Book of the Dead.
 You gained access to Moloch's Sanctum.
 You reached the Elemental Planes.
 You reached the Astral Plane.
 You delivered the Amulet of Yendor.
 You ascended!

 The Elemental Planes:
    Astral Plane: <- You are here.
       Some temples and some altars.
    Plane of Water:
    Plane of Fire:
    Plane of Air:
    Plane of Earth:
 The Dungeons of Doom: levels 1 to 28
    Level 1:
       Many fountains, a grave.
       One way stairs up to The Elemental Planes.
    Level 2:
       A general store.
    Level 3:
       A tool shop, some fountains.
       Stairs down to The Gnomish Mines.
    Level 4:
       A general store, a fountain.
    Level 5:
       Many fountains, a grave.
       Oracle of Delphi.
       Final resting place for
          pots164-Kni-Hum-Mal-Law, slipped while mounting a saddled pony.
    Level 6:
       A fountain.
       Stairs up to Sokoban, level 5.
    Level 7:
       A throne.
    Level 8:
       A throne, some fountains.
    Level 9:
       A general store, an altar to Thoth.
    Level 10:
       Some fountains.
    Level 11:
       Some fountains, a grave.
    Level 12:
       Portal to The Quest.
    Level 13:
       A fountain.
    Level 14:
    Level 15:
       A fountain.
    Level 16:
       A fountain, a grave.
    Level 17:
       A throne, a fountain.
    Level 18:
       A primitive area.
    Level 19:
       A throne, a fountain.
    Level 20:
    Level 21:
       A fountain, a sink.
    Level 22:
       A grave.
    Level 23:
       An altar to Thoth, some fountains.
       Portal to Fort Ludios.
    Level 24:
       Many trees.
    Level 25:
    Level 26:
    Level 27:
    Level 28:
       A throne, a fountain.
       The castle (play notes "BAFAG" to open or close drawbridge).
       Connection to Gehennom.
 Gehennom: levels 29 to 48
    Level 29:
       A temple and an altar, many graves.
       Valley of the Dead.
    Level 30:
    Level 31:
    Level 32:
    Level 33:
       A fountain.
    Level 34:
    Level 35:
    Level 36:
    Level 37:
    Level 38:
       Stairs up to Vlad's Tower, level 37.
    Level 39:
    Level 40:
    Level 41:
    Level 42:
       Some shops, an altar, some graves.
    Level 43:
    Level 44:
    Level 45:
    Level 46:
    Level 47:
    Level 48:
       A temple and an altar, many graves.
       Moloch's Sanctum.
 The Gnomish Mines: levels 4 to 12
    Level 4:
    Level 5:
    Level 6:
       Many shops, a temple and an altar, some fountains.
    Level 7:
    Level 8:
    Level 9:
    Level 10:
    Level 11:
    Level 12:
       Some fountains.
 The Quest: levels 1 to 6
    Level 1:
       A throne.
       Completed quest for Neferet the Green.
    Level 2:
    Level 3:
    Level 4:
    Level 5:
    Level 6:
       A temple and an altar.
 Sokoban: levels 5 up to 2
    Level 2:
       Solved.
    Level 3:
       Solved.
    Level 4:
       Solved.
    Level 5:
       Solved.
 Fort Ludios:
    Level 1:
       A throne.
 Vlad's Tower: levels 37 up to 35
    Level 35:
       A throne.
    Level 36:
    Level 37:


Vanquished creatures:
    Asmodeus
    Baalzebub
    Geryon
    Orcus
    Juiblex
  3 erinyes
the Wizard of Yendor (6 times)
    Pestilence (twice)
    Famine
    Vlad the Impaler
  a high cleric
  2 mastodons
    Medusa
    Croesus
 10 krakens
  4 iron golems
  a master lich
  7 storm giants
  a glass golem
  a balrog
  5 purple worms
  a gray dragon
  a gold dragon
  7 silver dragons
  8 red dragons
  4 white dragons
  4 orange dragons
  6 black dragons
  2 blue dragons
  a green dragon
  5 yellow dragons
 21 minotaurs
  3 jabberwocks
the Dark One
  4 baluchitheria
 21 Angels
  a demilich
  5 stone golems
  4 master mind flayers
  6 Olog-hai
  3 Nazgul
  6 pit fiends
  2 sandestins
  6 hell hounds
  3 displacer beasts
 17 titanotheres
  8 trappers
  a baby silver dragon
  2 baby red dragons
  3 guardian nagas
  5 genetic engineers
  2 disenchanters
 26 vampire leaders
  6 skeletons
 28 aligned clerics
  7 captains
  6 shades
  3 liches
 14 clay golems
 17 nurses
  4 ice devils
  4 nalfeshnees
 17 lurkers above
  8 Aleaxes
  7 frost giants
 10 ettins
  3 golden nagas
 15 black puddings
 34 vampires
 18 lieutenants
 26 ghosts
  2 queen bees
 19 winged gargoyles
  8 mind flayers
 16 giant mimics
 29 long worms
 27 zruties
 25 fire giants
 32 ogre tyrants
 31 ice trolls
 20 rock trolls
 15 umber hulks
 10 flesh golems
 34 elven monarchs
 18 doppelgangers
  4 hezrous
 13 bone devils
 20 large mimics
 14 wumpuses
  5 fire vortices
 32 couatls
 41 stalkers
 20 air elementals
 12 fire elementals
 11 earth elementals
  9 water elementals
 25 hill giants
 12 giant mummies
 17 black nagas
 24 xorns
 25 giant zombies
 76 elf-nobles
 50 sergeants
  5 barbed devils
 14 vrocks
  a salamander
 56 wargs
 15 winter wolves
  9 hell hound pups
 39 small mimics
  9 glass piercers
 16 warhorses
  4 steam vortices
 46 xans
 16 ettin mummies
 27 ogre leaders
 42 quantum mechanics
 63 trolls
 12 sasquatches
 14 wood golems
  8 mariliths
  a djinni
 12 sharks
  8 electric eels
 22 gelatinous cubes
 19 pyrolisks
 18 large dogs
 39 freezing spheres
 45 flaming spheres
 27 shocking spheres
 11 large cats
 39 tigers
 24 gargoyles
 14 dwarf rulers
 49 tengu
 24 ochre jellies
 31 leocrottas
 10 energy vortices
 13 mountain centaurs
 37 stone giants
 24 elf mummies
 17 human mummies
 18 red nagas
  2 green slimes
 16 pythons
 17 pit vipers
 16 cobras
 68 wraiths
 17 carnivorous apes
 34 ettin zombies
 11 leather golems
 52 Grey-elves
122 soldiers
 10 amorous demons
  3 horned devils
 27 chameleons
 16 crocodiles
 82 giant beetles
 30 quivering blobs
 82 cockatrices
 72 wolves
 41 winter wolf cubs
 12 lynxes
 18 panthers
 32 gremlins
 15 spotted jellies
 98 leprechauns
 12 orc-captains
 25 iron piercers
 10 mumakil
 30 giant spiders
 40 scorpions
 26 horses
 15 ice vortices
  3 baby long worms
 36 black lights
 75 vampire bats
 17 forest centaurs
 20 gnome rulers
 17 orc mummies
 16 dwarf mummies
 39 ogres
 39 brown puddings
 33 rust monsters
 50 owlbears
 31 yetis
  7 gold golems
 12 werewolves
 69 Green-elves
  4 piranha
 17 giant eels
 68 lizards
 31 chickatrices
 13 dingoes
 16 dogs
 13 housecats
 30 jaguars
 32 dwarf leaders
 24 blue jellies
 20 white unicorns
  a gray unicorn
 15 black unicorns
 35 dust vortices
 61 ravens
 15 plains centaurs
  5 gnome mummies
 26 snakes
 37 apes
 50 human zombies
 21 rope golems
 52 Woodland-elves
108 soldier ants
 73 fire ants
 45 bugbears
 19 imps
  5 lemures
 34 quasits
 27 wood nymphs
 30 water nymphs
 30 mountain nymphs
 66 Mordor orcs
 58 Uruk-hai
 19 orc shamans
 65 rock piercers
 19 rock moles
 20 ponies
 28 fog clouds
 39 yellow lights
 13 shriekers
 35 violet fungi
 39 gnome leaders
 32 gnomish wizards
 17 kobold mummies
  a red naga hatchling
  2 black naga hatchlings
  3 golden naga hatchlings
  a guardian naga hatchling
 38 gray oozes
 12 barrow wights
 61 elf zombies
 35 ghouls
 14 straw golems
 17 paper golems
  6 jellyfish
  3 baby crocodiles
119 giant ants
 14 little dogs
 76 floating eyes
  7 kittens
 59 dwarves
 35 homunculi
 17 kobold leaders
 18 kobold shamans
124 hill orcs
117 rothes
  9 rabid rats
 22 centipedes
 28 giant bats
 18 monkeys
 43 orc zombies
 45 dwarf zombies
 10 wererats
 14 werejackals
 52 iguanas
114 killer bees
 37 acid blobs
 22 coyotes
 19 gas spores
 24 hobbits
 99 manes
 16 large kobolds
 56 hobgoblins
 54 giant rats
 63 cave spiders
 21 brown molds
 35 yellow molds
 16 green molds
 14 red molds
 79 gnomes
 39 garter snakes
 30 gnome zombies
 78 geckos
 76 jackals
 18 foxes
 13 kobolds
 37 goblins
 24 sewer rats
 50 grid bugs
 23 bats
 61 lichens
 26 kobold zombies
 68 newts
7216 creatures vanquished.

Genocided or extinct species:
 erinyes (extinct)
 arch-liches
 krakens
 master liches
 demiliches
 liches
 sharks
 electric eels
 soldiers (extinct)
 giant beetles (extinct)
 piranha
 giant eels
 soldier ants (extinct)
 jellyfish
 giant ants (extinct)
 hill orcs (extinct)
 rothes (extinct)
 killer bees (extinct)
10 species genocided.
8 species extinct.

Goodbye Jinnora the Demigoddess...

You and Peppermint Stick
went to your reward with 5384729 points,
Magicbane (worth 3500 zorkmids and 8750 points)
The Book of the Dead (worth 10000 zorkmids and 25000 points)
The Bell of Opening (worth 5000 zorkmids and 12500 points)
The Eye of the Aethiopica (worth 4000 zorkmids and 10000 points)
The Candelabrum of Invocation (worth 5000 zorkmids and 12500 points)
      24 amethyst stones (worth 14400 zorkmids),
      19 citrine stones (worth 28500 zorkmids),
      18 aquamarine stones (worth 27000 zorkmids),
      17 jasper stones (worth 8500 zorkmids),
      16 topaz stones (worth 14400 zorkmids),
      16 jet stones (worth 13600 zorkmids),
      15 rubies (worth 52500 zorkmids),
      14 agate stones (worth 2800 zorkmids),
      13 dilithium crystals (worth 58500 zorkmids),
      13 amber stones (worth 13000 zorkmids),
      12 chrysoberyl stones (worth 8400 zorkmids),
      12 fluorite stones (worth 4800 zorkmids),
      11 diamonds (worth 44000 zorkmids),
      11 garnet stones (worth 7700 zorkmids),
      10 emeralds (worth 25000 zorkmids),
       9 turquoise stones (worth 18000 zorkmids),
       8 opals (worth 6400 zorkmids),
       7 obsidian stones (worth 1400 zorkmids),
       7 jade stones (worth 2100 zorkmids),
       6 sapphires (worth 18000 zorkmids),
       3 black opals (worth 7500 zorkmids),
       2 jacinth stones (worth 6500 zorkmids),
       4 amulets of life saving (worth 600 zorkmids),
and 0 pieces of gold, after 68236 moves.
You were level 26 with a maximum of 399 hit points when you ascended.

